 Seeded DCSS version 0.29.1-1-gd02db6906a (webtiles) character file.

Game seed: 13597628590910646089 (custom seed)

86 bwicke the Magician (level 4, 0/31 HPs)
             Began as a Djinni Hedge Wizard on Oct 21, 2022.
             Slain by an orc wizard
             ... wielding a +0 dagger
              (1 damage)
             ... on level 3 of the Dungeon.
             The game lasted 00:08:54 (3692 turns).

bwicke the Magician (Djinni Hedge Wizard)           Turns: 3692, Time: 00:08:54

Health: 0/31       AC:  3    Str: 11    XL:     4   Next: 78%
Gold:   226        EV: 16    Int: 16    God:
                   SH:  0    Dex: 12

rFire   + + .      SeeInvis +   a - +0 dagger (vamp)
rCold   x . .      Faith    .   (no shield)
rNeg    . . .      Spirit   .   b - +0 robe
rPois   ∞          Reflect  .   c - +0 hat
rElec   .          Harm     .   (no cloak)
rCorr   .          Rampage  .   n - +0 pair of gloves
Will    .....                   (boots unavailable)
Stlth   ++........              (no amulet)
HPRegen 0.10/turn               j - ring of see invisible
MPRegen 0.00/turn               r - +4 ring of evasion

@: flying
A: sickness immunity, fire resistance 2, cold vulnerability 1, float, innate
caster, HP casting, extra vitality 1
a: no special abilities


You were on level 3 of the Dungeon.
You visited 1 branch of the dungeon, and saw 3 of its levels.

You collected 226 gold pieces.

Inventory:

Hand Weapons
 a - a +0 vampiric dagger (weapon)
 q - a +1 sling of flaming
 v - a +0 trident of protection
Armour
 b - a +0 robe (worn)
 c - a +0 hat (worn)
 n - a +0 pair of gloves (worn)
Jewellery
 j - a ring of see invisible (left hand)
 r - a +4 ring of evasion (right hand)
Scrolls
 e - a scroll of immolation
 g - a scroll of fear {unknown}
 k - a scroll of enchant armour {unknown}
 l - a scroll of teleportation
 m - 2 scrolls of torment {unknown}
 o - a scroll of noise {unknown}
 t - a scroll of magic mapping {unknown}
Potions
 d - a potion of haste {unknown}
 f - a potion of might {unknown}
 h - a potion of invisibility {unknown}
 i - a potion of degeneration {unknown}
 s - a potion of curing {unknown}
 u - 2 potions of magic {unknown}


   Skills:
 + Level 0.4 Fighting
 - Level 2.1 Dodging
 - Level 1.5 Stealth
 - Level 4.0 Spellcasting


You couldn't memorise any spells.
You knew the following spells:

 Your Spells              Type           Power      Damage    Failure   Level
a - Magic Dart            Conj           64%        1d6       3%          1
b - Blink                 Tloc           32%        N/A       4%          2
c - Call Imp              Summ           16%        N/A       4%          2
d - Slow                  Hex            64%        N/A       3%          1
e - Conjure Flame         Conj/Fire      16%        6-21      10%         3
f - Mephitic Cloud        Conj/Pois/Air  16%        N/A       10%         3
g - Apportation           Tloc           32%        N/A       3%          1
Your spell library was empty.

Dungeon Overview and Level Annotations

Branches:
Dungeon (3/15)

Altars:
Yredelemnul

Shops:
D:1 [


Innate Abilities, Weirdness & Mutations

You are immune to sickness and miasma.
You are immune to poison.
Your flesh is very heat resistant. (rF++)
You are vulnerable to cold. (rC-)
You float through the air rather than walking.
You learn spells naturally, not from books.
Your magical power is your life essence.
You have superior vitality. (+4 MHP)


Message History

The orc wizard is severely wounded.
The orc wizard barely misses you. The orc hits you with a +0 short sword.
You hit the orc wizard.
You feel better.
The orc wizard is almost dead.
The orc wizard gestures at you while chanting.
The puff of flame hits you. You resist. The orc completely misses you.
You closely miss the orc wizard.
The orc wizard is almost dead.
You feel less confused.
The orc wizard hits you with a +0 dagger.
* * * LOW HITPOINT WARNING * * *
The orc hits you but does no damage.
You closely miss the orc wizard.
The orc wizard is almost dead.
The orc wizard closely misses you. The orc hits you with a +0 short sword.
* * * LOW HITPOINT WARNING * * *
You aren't carrying any items that you can evoke.
As you read the scroll of summoning, it crumbles to dust.
Wisps of shadow whirl around you... The orc wizard barely misses you.
The orc hits you with a +0 short sword.
* * * LOW HITPOINT WARNING * * *
You hit the orc wizard.
You feel better.
The orc wizard is almost dead.
Your bat barely misses the orc wizard.
Your bat hits the orc wizard but does no damage.
The orc wizard gestures at you while chanting.
The magic dart hits you.
* * * LOW HITPOINT WARNING * * *
Your ball python bites the orc.
Your ball python grabs the orc.
Your ball python constricts the orc.
The orc misses your ball python.
Your bat hits the orc wizard but does no damage.
Your rat barely misses the orc wizard.
Your gnoll hits the orc with a +0 spear.
The orc dies!
Okay, then.
Unknown command.
Press < or > to pray at altars.
You swap places.
Your bat closely misses the orc wizard.
The orc wizard hits you with a +0 dagger.
You die...

#.## #.##....# #.#..######## #.#.
#.#.#### #............ #..##
##..# ###...####### ###...#
##.### #...# ....#.###.#####
###...###### #.###.#...##≈≈
≈≈##......>#
###........##≈≈.###.≈≈##.####.#
..........##≈≈.##r##.≈≈#.# #.#
#########.##≈≈.#@o)#.≈≈######.###
#.#≈≈≈.#bgS#.≈≈≈# #.....#
#.##≈≈.##g##.≈≈####.#.#.#
#.##≈≈≈~#g#~≈≈≈#.).......
...##≈≈~8g8~≈≈#####.#.#.# ###
##≈≈...≈≈## #.....# ###8.8###
#.....# #...########.#.#.#
#8.8#..........#.#


You could see an orc wizard (invisible, ally target), 4 friendly gnolls, a
friendly bat (summoned), a friendly ball python (summoned) and a friendly rat
(summoned).

Vanquished Creatures
  Jessica (D:3)
  3 dart slugs
  An orc (D:3)
  4 bats
  3 endoplasms
  A giant cockroach (D:3)
  2 goblins
  6 hobgoblins
  A quokka (D:2)
  6 ball pythons
  3 frilled lizards (D:1)
  2 kobolds
  5 rats
38 creatures vanquished.

Vanquished Creatures (collateral kills)
  3 worms (D:2)
  An orc (D:3)
  A ball python (D:3)
  A frilled lizard (D:2)
  2 kobolds (D:2)
8 creatures vanquished.

Grand Total: 46 creatures vanquished

Notes
Turn   | Place    | Note
-------+----------+-------------------------------------------
     0 | D:1      | bwicke the Djinni Hedge Wizard began the quest for the Orb.
     0 | D:1      | bwicke set off with the following spells memorised: Magic
                  | Dart, Blink, Call Imp, Slow, Conjure Flame, Mephitic Cloud.
     0 | D:1      | Reached XP level 1. HP: 15/15 MP: 0/0
   313 | D:1      | Found Givval's Armour Emporium.
   665 | D:1      | Reached XP level 2. HP: 15/21 MP: 0/0
  1286 | D:1      | Reached skill level 3 in Spellcasting
  1615 | D:2      | Found a faded altar of an unknown god.
  1630 | D:2      | Reached XP level 3. HP: 21/25 MP: 0/0
  1630 | D:2      | Learned a level 1 spell: Apportation
  3005 | D:2      | Found a basalt altar of Yredelemnul.
  3122 | D:3      | Reached XP level 4. HP: 28/31 MP: 0/0
  3129 | D:3      | Noticed Jessica
  3149 | D:3      | Killed Jessica
  3511 | D:3      | Reached skill level 4 in Spellcasting
  3691 | D:3      | HP: 1/31 [orc wizard/magic dart (4)]
  3692 | D:3      | Slain by an orc wizard

Illustrated notes

Levels and vault maps discovered:
D:1:      lemuel_arrival_river_ford, layout_loops_ring, serial_shops, shop
D:2:      minmay_recursive_quarters, layout_loops_ring,
          nicolae_ecumenical_pavilion, basic_altar, kennysheep_big_empty_room,
          minmay_vboxes
D:3:      wander_river, layout_loops_ring, kennysheep_orc_sif_temple,
          lemuel_coloured_pillars_altar, grunt_decor_fettered, uniq_jessica

Skill      XL: |  1  2  3  4 |
---------------+-------------+-----
Spellcasting   | 3 4 |  4.0
Fighting       | |  0.4
Dodging        | |  2.1
Stealth        | |  1.5

Action                   |  1- 3 |  4- 6 || total
-------------------------+-------+-------++-------
Melee: Dagger            |    56 |    75 ||   131
       Punch             |       |     1 ||     1
 Fire: Sling             |     5 |     7 ||    12
 Cast: Magic Dart        |    59 |     7 ||    66
       Call Imp          |     4 |     2 ||     6
       Blink             |     1 |       ||     1
       Conjure Flame     |       |     1 ||     1
       Slow              |       |     1 ||     1
  Use: Scroll            |     4 |     1 ||     5
Armor: Robe              |    14 |    12 ||    26
Dodge: Dodged            |    56 |    79 ||   135
